 Dungeon Crawl Stone Soup version 0.21.1-1-g345015f (webtiles) character file.

24 tidbits the Insei (level 3, 5/28 HPs)
             Began as a Gnoll Transmuter on Feb 14, 2018.
             Quit the game on level 3 of the Dungeon.
             The game lasted 00:03:12 (347 turns).

tidbits the Insei (Gnoll Transmuter)                 Turns: 347, Time: 00:03:13

Health: 5/28       AC:  4    Str: 17    XL:     3   Next: 2%
Magic:  5/9        EV: 14    Int: 16    God:
Gold:   65         SH:  0    Dex: 15    Spells: 8/11 levels left

rFire    . . .     SeeInvis .     - Unarmed
rCold    . . .     Gourm    .   (no shield)
rNeg     . . .     Faith    .   b - +0 robe
rPois    .         Spirit   .   (no helmet)
rElec    .         Reflect  .   (no cloak)
rCorr    .         Harm     .   (no gloves)
MR       .....     Clarity  +   (boots currently unavailable)
Stlth    ++........             (no amulet)
HPRegen  0.09/turn              (no ring)
MPRegen  0.11/turn              (no ring)

@: mighty, lethally poisoned (5 -> -1), appendage
A: distributed training, fangs 1, talons 3, icy blue scales 1, clarity, strong
nose
a: End Transformation


You were on level 3 of the Dungeon.
You were not hungry.
You had grown temporary talons.
You visited 1 branch of the dungeon, and saw 3 of its levels.

You collected 65 gold pieces.

Inventory:

Hand Weapons
 e - a +0 short sword
 h - a +0 dagger
Missiles
 a - 27 arrows
Armour
 b - a +0 robe (worn)
Jewellery
 f - an uncursed ring of ice
   (You found it on level 1 of the Dungeon)
Scrolls
 i - a scroll of fog {unknown}
Potions
 j - a potion of brilliance
Books
 c - a book of Changes

   Spells                             Type                      Level
   a - Beastly Appendage              Transmutation                1
   b - Sticks to Snakes               Transmutation                2
   c - Spider Form                    Transmutation/Poison         3
   d - Ice Form                       Ice/Transmutation            4
   e - Blade Hands                    Transmutation                5
Comestibles
 d - 2 rations


   Skills:
 + Level 2.5 Fighting
 + Level 0.5 Short Blades
 + Level 0.5 Long Blades
 + Level 0.5 Axes
 + Level 0.5 Maces & Flails
 + Level 0.5 Polearms
 + Level 0.5 Staves
 + Level 0.5 Slings
 + Level 0.5 Bows
 + Level 0.5 Crossbows
 + Level 0.5 Throwing
 + Level 0.5 Armour
 + Level 4.5 Dodging
 + Level 0.5 Stealth
 + Level 0.5 Shields
 + Level 6.5 Unarmed Combat
 + Level 4.9 Spellcasting
 + Level 0.4 Conjurations
 + Level 0.4 Hexes
 + Level 0.4 Charms
 + Level 0.4 Summonings
 + Level 0.4 Necromancy
 + Level 0.4 Translocations
 + Level 3.7 Transmutations
 + Level 0.4 Fire Magic
 + Level 0.4 Ice Magic
 + Level 0.4 Air Magic
 + Level 0.4 Earth Magic
 + Level 0.4 Poison Magic
 + Level 0.7 Invocations
 + Level 0.5 Evocations


You had 8 spell levels left.
You knew the following spells:

 Your Spells              Type           Power        Failure   Level  Hunger
e - Beastly Appendage     Tmut           ###...       3%          1    None
k - Sticks to Snakes      Tmut           ###.....     4%          2    ##.....


Dungeon Overview and Level Annotations

Branches:
Dungeon (3/15)

Altars:


Innate Abilities, Weirdness & Mutations

Your experience applies equally to all skills.
You have very sharp teeth.
Your uncanny sense of smell can sniff out nearby items.
You have claws for feet.
You are partially covered in icy blue scales. (AC +2)
You possess an exceptional clarity of mind.


Message History

You kill the kobold!
The goblin hits you with a dagger.
You barely miss the goblin. Your headbutt misses the goblin.
The goblin hits you but does no damage.
You barely miss the goblin. You bite the goblin.
The goblin is moderately wounded.
The goblin hits you with a dagger.
You closely miss the goblin.
The goblin is moderately wounded.
The goblin closely misses you.
You hit the goblin.
You kill the goblin!
Things that are here:
a dagger; a goblin corpse Your horns disappear.
A rat comes into view.
Found 17 arrows.
You see here 17 arrows.
a - 29 arrows (gained 17)
Casting: Beastly Appendage
Confirm with . or Enter, or press ? or * to list all spells.
You grow a pair of large bovine horns.
You closely miss the rat. Your headbutt misses the rat.
The rat completely misses you.
You hit the rat.
You kill the rat!
Found a stone staircase leading down.
There is a stone staircase leading down here.
You climb downwards.
A worm comes into view.
There is a stone staircase leading up here.
Casting: Beastly Appendage
Confirm with . or Enter, or press ? or * to list all spells.
You create a snake!
You now have 28 arrows.
Your ball python bites the worm.
Your ball python grabs the worm.
Your ball python constricts the worm.
You catch the helpless worm completely off-guard!
You hit the worm. You headbutt the worm.
The worm is heavily wounded.
Your ball python bites the worm.
Your ball python constricts the worm.
The worm closely misses you.
You hit the worm. Your headbutt misses the worm.
The worm is almost dead.
Your ball python bites the worm.
Your ball python constricts the worm.
You hit the worm.
You kill the worm!
Your transformation is almost over.
Your horns disappear.
Found 15 gold pieces.
A dart slug comes into view.
Your ball python withers and dies!
Found 13 gold pieces.
The dart slug launches a dart at you. The slug dart hits you!
An adder and an orc come into view.
The adder hisses angrily.
Casting: Sticks to Snakes
Confirm with . or Enter, or press ? or * to list all spells.
Your feet morph into talons.
The dart slug barely misses you.
You hit the dart slug.
The dart slug is moderately wounded.
The orc shouts!
You hear a shout!
The dart slug bites you.
A rat comes into view.
You hit the dart slug. You claw the dart slug.
The dart slug is almost dead.
A goblin comes into view.
You hit the dart slug.
You kill the dart slug!
You have reached level 3!
Your experience leads to an increase in your attributes!
Increase (S)trength, (I)ntelligence, or (D)exterity?
You feel clever.
Casting: Beastly Appendage
Confirm with . or Enter, or press ? or * to list all spells.
You create a snake!
You now have 27 arrows.
The adder bites you.
* * * LOW HITPOINT WARNING * * *
You are poisoned.
The adder poisons you! The adder bites you.
* * * LOW HITPOINT WARNING * * *
You are more poisoned.
The adder poisons you!
It was a potion of mutation.
You feel extremely strange.
Your thoughts seem clearer.
Icy blue scales grow over part of your body.
You feel sick. The adder bites you.
* * * LOW HITPOINT WARNING * * *
Your ball python misses the adder.
Your ball python closely misses the adder.
It was a potion of might.
You feel very mighty all of a sudden.
* * * LOW HITPOINT WARNING * * *
You feel sick. The adder bites you.
* * * LOW HITPOINT WARNING * * *
Your ball python closely misses the adder.
Your ball python grabs the adder.
Your ball python constricts the adder.
The orc closely misses your ball python.
A dart slug comes into view.
Unknown command.
Are you sure you want to abandon this character and quit the game? (Confirm with "yes".)

..........#
##........# ...
#........#
#.######
#........#
#......##
######.###
##........ #.#
#......... #.#
#.r..g.$.. #.####
#.S....... #.##..
#.@So....w
#..#.####.........
##.#.##....$......
#.#....#.........
#.#......#.....##
#.....####..####
#.....# .##
........### ..
.......## .


You could see an adder, a dart slug, an orc, a goblin, a rat and a friendly ball
python.

Vanquished Creatures
  A worm (D:3)
  A dart slug (D:3)
  2 bats (D:1)
  3 goblins
  3 hobgoblins
  A ball python (D:2)
  5 frilled lizards
  4 kobolds
  2 rats
22 creatures vanquished.

Notes
Turn   | Place    | Note
-------+----------+-------------------------------------------
     0 | D:1      | tidbits the Gnoll Transmuter began the quest for the Orb.
     0 | D:1      | Reached XP level 1. HP: 17/17 MP: 6/6
    63 | D:1      | Reached XP level 2. HP: 23/23 MP: 5/7
    67 | D:1      | Learned a level 2 spell: Sticks to Snakes
   343 | D:3      | Reached XP level 3. HP: 15/28 MP: 7/9
   345 | D:3      | Gained mutation: You possess an exceptional clarity of mind. [potion of mutation]
   345 | D:3      | Gained mutation: You are partially covered in icy blue scales. (AC +2) [potion of mutation]
   347 | D:3      | Quit the game

Action                   || total
-------------------------++-------
Melee: Unarmed           ||    44
       Headbutt          ||     2
       Kick              ||     4
       Bite              ||     4
       Punch             ||     1
 Cast: Beastly Appendage ||    10
       Sticks to Snakes  ||     2
  Use: Scroll            ||     1
       Potion            ||     2
 Stab: Distracted        ||     1
Armor: Robe              ||     2
Dodge: Dodged            ||    22

Table legend:
 A = Turns spent in this place as a percentage of turns spent in the entire game.
 B = Non-inter-level travel turns spent in this place as a percentage of non-inter-level travel turns spent in the entire game.
 C = Inter-level travel turns spent in this place as a percentage of turns spent in this place.
 D = Turns resting spent in this place as a percentage of non-inter-level travel turns spent in this place.
 E = Turns spent auto-exploring this place as a percentage of non-inter-level travel turns spent in this place.
 F = Non-inter-level travel turns spent in this place divided by the number of levels of this place that you've seen.
                   A       B       C       D       E      F
               +-------+-------+-------+-------+-------+----------------------
         Total | 100.0 | 100.0 |   0.0 |   0.0 |   0.0 | 115.7
       Dungeon | 100.0 | 100.0 |   0.0 |   0.0 |   0.0 | 115.7
               +-------+-------+-------+-------+-------+----------------------

Table legend:
 A = Kills in this place as a percentage of kills in entire the game.
 B = Kills by you in this place as a percentage of kills by you in the entire game.
 C = Kills by friends in this place as a percentage of kills by friends in the entire game.
 D = Other kills in this place as a percentage of other kills in the entire game.
 E = Experience gained in this place as a percentage of experience gained in the entire game.
 F = Experience gained in this place divided by the number of levels of this place that you have seen.
                   A       B       C       D       E      F
               +-------+-------+-------+-------+-------+----------------------
         Total | 100.0 | 100.0 |   N/A |   N/A | 100.0 |  11.7
       Dungeon | 100.0 | 100.0 |   N/A |   N/A | 100.0 |  11.7
               +-------+-------+-------+-------+-------+----------------------

Vault maps used:
D:1:      saegor_arrival_simple_a
D:2:      okawaru_gym_becter, first_ration, tgw_fedhas
D:3:      grunt_temple_overflow_open
